 Seeded DCSS version 0.30.1-9-gdf580d7c3d (webtiles) character file.

Game seed: 920673320228942481 (custom seed)

2446 CarvArkoylaein the Grappler (level 9, -2/89 HPs)
             Began as a Troll Fighter on Sept 27, 2023.
             Slain by a kobold demonologist
             ... wielding a +0 dagger
              (5 damage)
             ... on level 6 of the Dungeon on Sept 28, 2023.
             The game lasted 00:25:22 (4915 turns).

CarvArkoylaein the Grappler (Troll Fighter)         Turns: 4915, Time: 00:25:23

Health: -2/89      AC:  0    Str: 32      XL:     9   Next: 25%
Magic:  8/8        EV:  8    Int: 11      God:
Gold:   1162       SH:  7    Dex:  2 (9)  Spells: 8/8 levels left

rFire   + +          +
                       - Unarmed
rCold   . . .        d - +0 kite shield {AC+3}
rNeg    . . .        f - +2 robe
rPois   +            (helmet restricted)
rElec   .            c - +0 cloak {rPois}
rCorr   .            (gloves unavailable)
SInv    .            (boots unavailable)
Will    .....        C - amulet "Giogomotz" {rF+++ Regen+ Str+6 Int+3}
Stlth   +            i - ring of wizardry
HPRegen 1.94/turn    D - +4 ring of protection
MPRegen 0.11/turn

%: wizardry (x1)
@: corroded
A: large, unfitting armour, claws 3, regeneration 1, shaggy fur 1, tough skin 1,
iridescent scales 1, no potion heal 1, subdued magic 1
a: no special abilities


You were on level 6 of the Dungeon.
You visited 2 branches of the dungeon, and saw 7 of its levels.

You collected 1162 gold pieces.

Inventory:

Armour
 a - a +0 robe
 b - a +0 kite shield
 c - a +0 cloak of poison resistance (worn)
 d - a +0 kite shield of protection (worn)
 f - a +2 robe (worn)
Jewellery
 e - an amulet of faith
 i - a ring of wizardry (left claw)
 m - a ring of resist corrosion
 t - an amulet of the acrobat
 u - an amulet of regeneration
 x - the amulet "Deiwnuuf" {Spirit rPois Str+4}
   (You found it on level 5 of the Dungeon)

   [amulet of guardian spirit]

   It causes incoming damage to be divided between your reserves of health and
   magic.
   Str:       It affects your strength (+4).
   rPois:     It protects you from poison.
 C - the amulet "Giogomotz" (around neck) {rF+++ Regen+ Str+6 Int+3}
   (You found it on level 6 of the Dungeon)

   [amulet of regeneration]

   Str:       It affects your strength (+6).
   Int:       It affects your intelligence (+3).
   rF:        It renders you almost immune to fire.
   Regen:     It increases your rate of health regeneration.
 D - a +4 ring of protection (right claw)
Wands
 h - a wand of polymorph (4)
 w - a wand of paralysis (6)
Scrolls
 j - 3 scrolls of teleportation
 k - a scroll of amnesia
 l - a scroll of immolation {unknown}
 v - a scroll of enchant weapon {unknown}
 y - 2 scrolls of fog
 z - 5 scrolls of noise {unknown}
 A - a scroll of fear {unknown}
 B - a scroll of vulnerability {unknown}
Potions
 g - 2 potions of cancellation {unknown}
 n - 2 potions of heal wounds
 o - a potion of brilliance {unknown}
 p - a potion of lignification {unknown}
 q - 3 potions of curing
 r - 2 potions of degeneration {unknown}
 s - a potion of ambrosia {unknown}


   Skills:
 + Level 5.7 Fighting
 - Level 2.4 Dodging
 + Level 6.3 Shields
 * Level 9.1 Unarmed Combat


You had 8 spell levels left.
You didn't know any spells.
Your spell library contained the following spells:

 Spells                   Type           Power      Damage    Failure   Level
 Kiss of Death            Conj/Necr      0%         2d5       21%         1
 Sandblast                Erth           0%         2d4       21%         1
 Blink                    Tloc           0%         N/A       30%         2
 Passwall                 Tmut/Erth      0%         N/A       30%         2
 Poisonous Vapours        Pois/Air       0%         N/A       30%         2
 Confusing Touch          Hex            0%         N/A       52%         3
 Dazzling Flash           Conj/Hex       0%         N/A       52%         3
 Mephitic Cloud           Conj/Pois/Air  0%         N/A       52%         3
 Stone Arrow              Conj/Erth      0%         3d7       52%         3
 Vampiric Draining        Necr           0%         2d6       52%         3
 Dispel Undead            Necr           0%         3d6       89%         4
 Manifold Assault         Tloc           0%         N/A       89%         4
 Borgnjor's Vile Clutch   Necr/Erth      0%         N/A       99%         5
 Freezing Cloud           Conj/Ice/Air   0%         6-21      99%         5
 Storm Form               Tmut/Air       0%         N/A       100%        7
 Borgnjor's Revivificati  Necr           0%         N/A       100%        8


Dungeon Overview and Level Annotations

Branches:
Dungeon (6/15)             Temple (1/1) D:6

Altars:
Cheibriados
Dithmenos
Elyvilon
Hepliaklqana
Kikubaaqudgha
Nemelex Xobeh
Okawaru
Qazlal
Ru
Sif Muna
Trog
Uskayaw
Vehumet
Xom
The Shining One


Innate Abilities, Weirdness & Mutations

You are too large for most types of armour.
You have claws for hands.
Your natural rate of healing is unusually fast.
You are covered in fur. (AC +1)
You have tough skin. (AC +1)
You are partially covered in iridescent scales. (AC +2)
Potions are less effective at restoring your health.
Your spells are a little easier to cast, but a little less powerful.


Message History

You scratch the kobold demonologist but do no damage.
The kobold demonologist is moderately wounded.
The kobold demonologist hits you with a +0 dagger.
You scratch the kobold demonologist.
The kobold demonologist is heavily wounded.
The kobold demonologist barely misses you.
You barely miss the kobold demonologist.
The kobold demonologist is heavily wounded.
The kobold demonologist mumbles some strange words.
You barely miss the kobold demonologist.
The kobold demonologist is heavily wounded.
The chaos spawn degenerates into a cloud of primal chaos!
You block the kobold demonologist's attack.
You closely miss the kobold demonologist.
The kobold demonologist is heavily wounded.
The ice devil hits you! The ice devil freezes you!
The quasit is engulfed in seething chaos.
The quasit seems to speed up.
You block the kobold demonologist's attack.
You scratch the kobold demonologist but do no damage.
The kobold demonologist is heavily wounded.
The ice devil hits you! The ice devil freezes you!
The kobold demonologist hits you with a +0 dagger.
You claw the kobold demonologist!
The kobold demonologist is severely wounded.
The ice devil hits you! The ice devil freezes you!!
* * * LOW HITPOINT WARNING * * *
The quasit is engulfed in seething chaos.
The kobold demonologist hits you with a +0 dagger.
* * * LOW HITPOINT WARNING * * *
Your system partially rejects the healing.
You feel much better. The ice devil closely misses you.
You block the kobold demonologist's attack.
Your system partially rejects the healing.
You feel much better. The ice devil hits you!
* * * LOW HITPOINT WARNING * * *
The ice devil freezes you!
* * * LOW HITPOINT WARNING * * *
The kobold demonologist hits you with a +0 dagger.
You die...

#......#...........).)..#.#######
######.#.####.....####..#.#######
##...## #........... ##.##
#.....##### #.# ##.....# +#.#+
##......# ..###...###.......#####
.......8...............#
...###.4@###...........# .
+#†#K5##..........##
#.#5..##...........
#.##...#.........#. ...
#.!#.####....## ... ###. #.#####
... .. #...... ... ## #######


You could see an ice devil (summoned), a kobold demonologist, a quasit
(summoned, fast) and a white imp (summoned).

Vanquished Creatures
  Sigmund (D:4)
  Menkaure (D:5)
  A steam dragon (D:6)
  A water moccasin (D:4)
  2 black bears
  An ice beast (D:6)
  2 ogres
  2 centaurs (D:6)
  A phantom (D:6)
  A kobold brigand (D:6)
  Blork the orc (D:4)
  A bullfrog (D:6)
  7 scorpions
  3 wights (D:5)
  4 hounds
  An orc priest (D:6)
  Crazy Yiuf (D:2)
  Natasha (twice) (D:2)
  An iguana (D:5)
  Ijyb (D:5)
  2 orc wizards
  Robin (D:4)
  3 gnolls (D:5)
  5 adders
  2 white imps
  2 dart slugs
  16 orcs
  7 endoplasms
  2 giant cockroaches
  9 goblins
  6 hobgoblins
  10 kobolds
  2 quokkas
  8 ball pythons
  2 bats
  A rat (D:1)
113 creatures vanquished.

Notes
Turn   | Place    | Note
-------+----------+-------------------------------------------
     0 | D:1      | CarvArkoylaein the Troll Fighter began the quest for the
                  | Orb.
     0 | D:1      | Reached XP level 1. HP: 22/22 MP: 0/0
    66 | D:1      | Identified 3 scrolls of acquirement
    66 | D:1      | Acquired 839 gold pieces
    67 | D:1      | Acquired a +0 kite shield of protection
    68 | D:1      | Acquired an amulet of faith
   915 | D:1      | Reached XP level 2. HP: 29/29 MP: 1/1
  1368 | D:2      | Noticed Natasha
  1375 | D:2      | Killed Natasha
  1376 | D:2      | Reached skill level 3 in Unarmed Combat
  1376 | D:2      | Reached XP level 3. HP: 23/36 MP: 2/2
  1787 | D:2      | Noticed Natasha
  1798 | D:2      | Killed Natasha
  1799 | D:2      | Reached XP level 4. HP: 36/44 MP: 3/3
  1949 | D:2      | Found a runed translucent door.
  1950 | D:2      | Noticed Crazy Yiuf
  1957 | D:2      | Killed Crazy Yiuf
  2405 | D:3      | You fall into a shaft and drop 2 floors!
  2405 | D:5      | Entered Level 5 of the Dungeon
  2423 | D:5      | Noticed an ogre
  2474 | D:4      | Reached skill level 4 in Unarmed Combat
  2474 | D:4      | Reached XP level 5. HP: 43/53 MP: 4/4
  2646 | D:4      | Noticed Robin
  2670 | D:4      | Killed Robin
  2808 | D:4      | Noticed Blork the orc
  2823 | D:4      | Killed Blork the orc
  2824 | D:4      | Reached XP level 6. HP: 38/61 MP: 5/5
  2923 | D:4      | Noticed a water moccasin
  2934 | D:4      | Killed a water moccasin
  2935 | D:4      | Reached skill level 5 in Unarmed Combat
  3015 | D:4      | Reached XP level 7. HP: 61/70 MP: 6/6
  3016 | D:4      | Got the Precepts of Hapless Last Rites
  3136 | D:4      | Gained mutation: You are partially covered in iridescent
                  | scales. (AC +2) [potion of mutation]
  3136 | D:4      | Gained mutation: Potions are less effective at restoring
                  | your health. [potion of mutation]
  3136 | D:4      | Gained mutation: Your spells are a little easier to cast,
                  | but a little less powerful. [potion of mutation]
  3139 | D:4      | Noticed Sigmund
  3150 | D:4      | Killed Sigmund
  3151 | D:4      | Reached skill level 6 in Unarmed Combat
  3554 | D:5      | Noticed Ijyb
  3561 | D:5      | Reached skill level 5 in Shields
  3561 | D:5      | Reached XP level 8. HP: 47/74 MP: 7/7
  3571 | D:5      | Killed Ijyb
  3572 | D:5      | Reached skill level 7 in Unarmed Combat
  3644 | D:5      | Found a sacrificial altar of Ru.
  3660 | D:5      | Noticed Menkaure
  3670 | D:5      | Killed Menkaure
  3675 | D:5      | Identified the amulet "Deiwnuuf" {Spirit rPois Str+4}
  3786 | D:5      | Reached skill level 5 in Fighting
  4131 | D:6      | Reached skill level 8 in Unarmed Combat
  4135 | D:6      | Identified the amulet "Giogomotz" {rF+++ Regen+ Str+6
                  | Int+3}
  4173 | D:6      | Found a staircase to the Ecumenical Temple.
  4189 | Temple   | Entered the Ecumenical Temple
  4712 | D:6      | Reached XP level 9. HP: 80/88 MP: 8/8
  4856 | D:6      | Noticed a kobold demonologist
  4860 | D:6      | Reached skill level 9 in Unarmed Combat
  4868 | D:6      | Noticed a rust devil
  4876 | D:6      | Noticed a soul eater
  4910 | D:6      | Noticed an ice devil
  4915 | D:6      | HP: 3/89 [ice devil[a kobold demonologist] (16)]
  4915 | D:6      | Slain by a kobold demonologist

Illustrated notes

Levels and vault maps discovered:
D:1:      dpeg_arrival_orchard, layout_basic
D:2:      layout_loops_corners, uniq_natasha, uniq_crazy_yiuf_cottage
D:3:      layout_basic, serial_shops, nicolae_shop_stone, shop
D:4:      layout_basic, nicolae_figureground_sparkle, uniq_sigmund, uniq_robin,
          uniq_blork_the_orc
D:5:      layout_cave_pools, nicolae_ru_path_of_blood, minmay_quadrilaterals,
          uniq_menkaure, uniq_ijyb
D:6:      cheibrodos_barr_body, layout_rooms, lemuel_doored_altar,
          minmay_temple_entry_large_hall, hangedman_decor_growths,
          minmay_fractal_squares_gapless_5
Temple:   nicolae_temple_great_sept

Skill      XL: |  1  2  3  4  5  6  7  8  9 |
---------------+----------------------------+-----
Shields        | 3 4 5 6 |  6.3
Unarmed Combat | 3 4 5 6 8 9 |  9.1
Fighting       | 3 4 5 |  5.7
Dodging        | |  2.4

Action                     |  1- 3 |  4- 6 |  7- 9 || total
---------------------------+-------+-------+-------++-------
  Melee: Unarmed           |    63 |   104 |   221 ||   388
  Evoke: Wand              |       |     3 |     3 ||     6
    Use: Scroll            |     3 |       |     5 ||     8
         Potion            |     1 |       |     5 ||     6
   Stab: Paralysed         |       |     1 |     4 ||     5
 Armour: Robe              |    24 |    29 |    78 ||   131
  Dodge: Dodged            |     8 |    30 |    78 ||   116
  Block: Kite shield       |    22 |    39 |   100 ||   161
